 Dungeon Crawl Stone Soup version 0.25-a0-577-ga4619f409e (webtiles) character file.

Game seed: 5524881691391463505, levelgen mode: deterministic

1442 Flugslaktarn the Chopper (level 8, -5/71 HPs)
             Began as a Minotaur Fighter on Mar 2, 2020.
             Was a Follower of Makhleb.
             Slain by a two-headed ogre
             ... wielding a cursed -1 giant club
              (10 damage)
             ... on level 9 of the Dungeon.
             The game lasted 00:02:43 (3747 turns).

Flugslaktarn the Chopper (Minotaur Fighter)         Turns: 3747, Time: 00:02:43

Health: -5/71      AC: 14    Str: 22      XL:     8   Next: 46%
Magic:  9/9        EV:  5    Int:  5      God:    Makhleb [*.....]
Gold:   181        SH: 10    Dex:  9 (11) Spells: 7/7 levels left

rFire    . . .     SeeInvis .   u - +1 hand axe (elec)
rCold    . . .     Gourm    .   c - +0 kite shield
rNeg     . . .     Faith    .   r - +0 plate armour
rPois    .         Spirit   .   (helmet restricted)
rElec    .         Reflect  .   (no cloak)
rCorr    .         Harm     .   l - +0 pair of gloves
MR       .....                  (no boots)
Stlth    ..........             w - amulet of rage
HPRegen  0.21/turn              (no ring)
MPRegen  0.11/turn              (no ring)

@: starving
A: retaliatory headbutt, horns 2
a: Renounce Religion, Evoke Berserk Rage


You were on level 9 of the Dungeon.
You worshipped Makhleb.
Makhleb was aware of your devotion.
You were starving.

You visited 2 branches of the dungeon, and saw 8 of its levels.

You collected 181 gold pieces.

Inventory:

Hand Weapons
 a - a +0 war axe
 u - a +1 hand axe of electrocution (weapon)
   (You took it off an orc on level 9 of the Dungeon)
Armour
 c - a +0 kite shield (worn)
 l - a +0 pair of gloves (worn)
   (You found it on level 1 of the Dungeon)
 r - a +0 plate armour (worn)
   (You found it on level 4 of the Dungeon)
Jewellery
 p - a cursed -2 ring of evasion {unknown}
   (You found it on level 6 of the Dungeon)
 w - an amulet of rage (around neck)
   (You found it on level 5 of the Dungeon)
Wands
 q - a wand of enslavement (10)
   (You found it on level 4 of the Dungeon)
Scrolls
 e - a scroll of blinking {unknown}
 g - a scroll of teleportation {unknown}
 h - 3 scrolls of identify {unknown}
 j - a scroll of immolation {unknown}
 o - 2 scrolls of enchant armour {unknown}
 s - a scroll of remove curse {unknown}
 v - a scroll of random uselessness {unknown}
 x - a scroll of summoning {unknown}
 y - a scroll of magic mapping {unknown}
Potions
 b - 2 potions of flight {unknown}
 d - 2 potions of might
 f - a potion of haste {unknown}
 i - 2 potions of stabbing {unknown}
 k - a potion of cancellation {unknown}
 m - a potion of curing {unknown}
 n - 2 potions of invisibility {unknown}
 t - a potion of brilliance {unknown}


   Skills:
 + Level 6.3 Fighting
 * Level 7.8 Axes
 + Level 6.3 Armour
 + Level 6.4 Shields
 + Level 2.7 Invocations
 + Level 1.5 Evocations


You had 7 spell levels left.
You didn't know any spells.
Your spell library was empty.

Dungeon Overview and Level Annotations

Branches:
Dungeon (6/15)             Temple (1/1) D:5            Lair (0/6) D:9
    Orc (0/2) D:9

Altars:
Ashenzari
Cheibriados
Dithmenos
Elyvilon
Fedhas
Gozag
Hepliaklqana
Kikubaaqudgha
Makhleb
Nemelex Xobeh
Okawaru
Qazlal
Ru
Sif Muna
Trog
Uskayaw
Vehumet
Wu Jian
Xom
Yredelemnul
The Shining One
Beogh

Annotations:
D:6 2 runed translucent doors, Killmatronix's ghost, amateur OpHu


Innate Abilities, Weirdness & Mutations

You reflexively headbutt those who attack you in melee.
You have a pair of horns on your head.


Message History

The two-headed ogre barely misses you. You furiously retaliate!
You headbutt the two-headed ogre. You block the two-headed ogre's attack.
Your plate armour prevents you from hitting the two-headed ogre.
The two-headed ogre is heavily wounded.
You hit the two-headed ogre but do no damage.
Lightning courses through the two-headed ogre!
The two-headed ogre is severely wounded.
You block the two-headed ogre's attack. x2
You hit the two-headed ogre.
The two-headed ogre is severely wounded.
The two-headed ogre barely misses you. You furiously retaliate!
You headbutt the two-headed ogre.
The two-headed ogre hits you with a +0 giant club!
* * * LOW HITPOINT WARNING * * *
You hit the two-headed ogre but do no damage.
The two-headed ogre is almost dead.
The two-headed ogre barely misses you. You furiously retaliate!
You headbutt the two-headed ogre, but do no damage.
The two-headed ogre hits you with a +0 giant club!
You die...

#######
####.....#
#..O@....#
+....##.....+
### #.....#
#.....#
###'### #..#
##.## #..#
##+#### #.##
#......


You could see a two-headed ogre.

Vanquished Creatures
  A hungry ghost (D:5)
  An orc warrior (D:9)
  An ice beast (D:5)
  A phantom (D:4)
  An ogre (D:4)
  2 centaurs (D:5)
  2 crimson imps (D:5)
  A quasit (D:9)
  A bullfrog skeleton (D:5)
  3 orc priests
  3 jellies (D:5)
  6 orc wizards
  2 hounds (D:5)
  3 iguanas (D:5)
  Jessica (D:2)
  A worker ant (D:4)
  5 adders
  An ooze (D:2)
  An adder skeleton (D:5)
  A worm (D:2)
  2 dart slugs (D:1)
  19 orcs
  4 giant cockroaches
  5 goblins
  7 hobgoblins
  14 jackals
  2 kobolds
  A quokka (D:5)
  3 bats
  A frilled lizard (D:2)
  A quokka skeleton (D:5)
  6 rats
103 creatures vanquished.

Notes
Turn   | Place    | Note
-------+----------+-------------------------------------------
     0 | D:1      | Flugslaktarn the Minotaur Fighter began the quest for the
                  | Orb.
     0 | D:1      | Reached XP level 1. HP: 19/19 MP: 0/0
   136 | D:1      | Reached XP level 2. HP: 27/27 MP: 1/1
   170 | D:1      | Reached skill level 3 in Axes
   376 | D:2      | Reached XP level 3. HP: 27/33 MP: 2/2
   486 | D:2      | Noticed Jessica
   493 | D:2      | Killed Jessica
   493 | D:2      | Reached XP level 4. HP: 40/40 MP: 3/3
   504 | D:2      | Reached skill level 4 in Axes
   673 | D:4      | Noticed a phantom
   704 | D:4      | Killed a phantom
   704 | D:4      | Reached XP level 5. HP: 33/47 MP: 4/4
   880 | D:4      | Noticed an ogre
   887 | D:4      | Killed an ogre
   887 | D:4      | Reached skill level 5 in Axes
   887 | D:4      | Reached XP level 6. HP: 15/55 MP: 5/5
  1439 | D:5      | Entered Level 5 of the Dungeon
  1442 | D:5      | Reached skill level 5 in Fighting
  1442 | D:5      | Reached skill level 5 in Armour
  1442 | D:5      | Reached skill level 5 in Shields
  1500 | D:5      | Found a staircase to the Ecumenical Temple.
  1529 | Temple   | Entered the Ecumenical Temple
  1717 | Temple   | Became a worshipper of Makhleb the Destroyer
  1742 | D:5      | Reached skill level 6 in Axes
  1921 | D:5      | Reached XP level 7. HP: 42/61 MP: 6/6
  1933 | D:5      | Reached skill level 1 in Invocations
  2392 | D:5      | Reached skill level 7 in Axes
  2394 | D:5      | Noticed a hungry ghost
  2449 | D:5      | Killed a hungry ghost
  2449 | D:5      | Reached XP level 8. HP: 69/70 MP: 8/8
  2482 | D:5      | Reached * piety under Makhleb
  2991 | D:6      | Found a large runed translucent door.
  2991 | D:6      | Found a large runed translucent door.
  2992 | D:6      | Noticed Killmatronix's ghost (amateur OpHu)
  3045 | D:6      | You fall into a shaft and drop 3 floors!
  3047 | D:9      | Found a staircase to the Lair.
  3070 | D:9      | Found a staircase to the Orcish Mines.
  3080 | D:9      | Reached skill level 1 in Evocations
  3126 | D:9      | Found a roughly hewn altar of Beogh.
  3737 | D:9      | Noticed a two-headed ogre
  3747 | D:9      | Slain by a two-headed ogre

Levels and vault maps discovered:
D:1:      minmay_arrival_stair_chambers, layout_rooms
D:2:      layout_rooms, uniq_terence, uniq_jessica
D:3:      layout_loops_corners, minmay_pentangle
D:4:      layout_cave_pools
D:5:      layout_loops_corners, minmay_temple_entry_wispy, first_ration,
          kennysheep_boxes
D:6:      minmay_angry_zag, layout_rooms, ebering_ghost_disaster_area,
          serial_shops, nicolae_shop_window_shopping, patterned_corridor
D:9:      layout_roguey, zin_purify, lair_entry_dummy,
          minmay_orc_entry_temple_small, serial_shops, kennysheep_mini_moat
Temple:   compressed_dpeg_circular_temple

Skill      XL: |  1  2  3  4  5  6  7  8 |
---------------+-------------------------+-----
Axes           | 3 4 5 6 7 |  7.8
Fighting       | 4 5 6 |  6.3
Armour         | 4 5 6 |  6.3
Shields        | 4 5 6 |  6.4
Invocations    | 2 |  2.7
Evocations     | 1 |  1.5

Action                   |  1- 3 |  4- 6 |  7- 9 || total
-------------------------+-------+-------+-------++-------
Melee: War axe           |    72 |   105 |   207 ||   384
       Headbutt          |     6 |    16 |    35 ||    57
       Hand axe          |       |       |    10 ||    10
 Abil: Evoke Berserk Rag |       |       |     3 ||     3
  Eat: Chunk             |       |     1 |     9 ||    10
       Ration            |       |     1 |     3 ||     4
Armor: Scale mail        |    31 |    23 |       ||    54
       Chain mail        |       |     8 |       ||     8
       Plate armour      |       |    24 |   138 ||   162
Dodge: Dodged            |    23 |    26 |    30 ||    79
Block: Kite shield       |    39 |    50 |    91 ||   180

Table legend:
 A = Non-vault XP
 B = Vault XP
 C = Vault XP percentage of total XP
 D = Non-vault monster count
 E = Vault monster count
 F = Vault count percentage of total count
                 A         B        C        D         E       F
            +---------+---------+-------+---------+---------+-------
      Total |    1854 |     206 |  10.0 |      94 |       9 |   8.7
            +---------+---------+-------+---------+---------+-------
        D:1 |      23 |       0 |   0.0 |      12 |       0 |   0.0
        D:2 |      65 |      37 |  36.3 |      18 |       1 |   5.3
        D:3 |      14 |       0 |   0.0 |       7 |       0 |   0.0
        D:4 |     295 |       0 |   0.0 |       8 |       0 |   0.0
        D:5 |    1203 |       0 |   0.0 |      34 |       0 |   0.0
        D:6 |      15 |       0 |   0.0 |       2 |       0 |   0.0
        D:9 |     239 |     169 |  41.4 |      13 |       8 |  38.1
            +---------+---------+-------+---------+---------+-------
